 Dungeon Crawl Stone Soup version 0.25-a0-23-gdc1bd94 (webtiles) character file.

Game seed: 80386985336985486, levelgen mode: deterministic

444 DrEnzyme the Chopper (level 7, -3/35 HPs)
             Began as a Vine Stalker Wanderer on Oct 16, 2019.
             Was an Initiate of Ru.
             Slain by a hound (4 damage)
             ... on level 4 of the Dungeon.
             The game lasted 00:10:01 (4094 turns).

DrEnzyme the Chopper (Vine Stalker Wanderer)        Turns: 4094, Time: 00:10:02

Health: -3/35      AC: 10    Str: 19    XL:     7   Next: 3%
Magic:  0/8        EV:  9    Int: 11    God:    Ru [......]
Gold:   150        SH:  0    Dex: 12    Spells: 6/6 levels left

rFire    x . .     SeeInvis .   a - +0 hand axe
rCold    + . .     Gourm    .   (no shield)
rNeg     . . .     Faith    .   b - +2 scale mail
rPois    +         Spirit   +   (no helmet)
rElec    .         Reflect  .   (no cloak)
rCorr    .         Harm     .   n - +0 pair of gloves
MR       .....                  (no boots)
Stlth    ..........             (no amulet)
HPRegen  0.51/turn              h - ring of poison resistance
MPRegen  0.11/turn              s - ring of ice

@: no status effects
A: fangs 2, regeneration 1, magic shield, antimagic bite, no potion heal 3, rot
immunity, no stealth
a: Renounce Religion


You were on level 4 of the Dungeon.
You worshipped Ru.
Ru was noncommittal.
You were not hungry.

You visited 1 branch of the dungeon, and saw 4 of its levels.

You collected 150 gold pieces.

Inventory:

Hand Weapons
 a - a +0 hand axe (weapon)
 c - a +0 mace
Missiles
 e - 202 stones (quivered)
 q - 3 silver boomerangs
Armour
 b - a +2 scale mail (worn)
 n - a +0 pair of gloves (worn)
Jewellery
 h - a ring of poison resistance (left hand)
 s - a ring of ice (right hand)
Scrolls
 o - a scroll of immolation
 p - a scroll of remove curse
Potions
 d - a potion of ambrosia {unknown}
 g - a potion of invisibility {unknown}
 i - a potion of heal wounds
 j - 2 potions of lignification {unknown}
 l - 2 potions of curing {unknown}
 m - a potion of haste {unknown}
Comestibles
 f - 9 rations


   Skills:
 + Level 2.9 Fighting
 + Level 4.1(4.6) Axes
 - Level 3.1(4.1) Maces & Flails
 + Level 4.1 Armour
   Level 1.0 Shields


You had 6 spell levels left.
You didn't know any spells.
Your spell library was empty.

Dungeon Overview and Level Annotations

Branches:
Dungeon (4/15)
 Temple: D:4-7

Altars:
Ashenzari
Cheibriados
Okawaru
Ru


Innate Abilities, Weirdness & Mutations

You have extremely sharp teeth.
Your natural rate of healing is unusually fast.
When hurt, damage is shared between your health and your magic reserves.
Your bite disrupts and absorbs the magic of your enemies.
Potions cannot restore your health.
You are immune to rotting.
You cannot be stealthy.


Message History

The adder bites you but does no damage. The hound bites you but does no damage.
You barely miss the adder. Your bite misses the adder. You hit the hound.
You hit the phantom but do no damage. The adder bites you but does no damage.
The hound barely misses you. The adder completely misses you.
The phantom hits you.
* * * LOW HITPOINT WARNING * * *
The hound bites you but does no damage.
Okay, then.
It was a potion of heal wounds.
That seemed strangely inert.
The adder bites you but does no damage. The hound bites you.
* * * LOW HITPOINT WARNING * * *
The phantom hits you but does no damage.
You closely miss the hound.
The hound is heavily wounded.
You hit the phantom but do no damage. You hit the adder.
The hound barely misses you. The adder closely misses you.
The phantom hits you.
* * * LOW HITPOINT WARNING * * *
The hound bites you.
You die...

...........#......
................# $..
#......#....#...# ..#
#..##..#.(.##...##(.#
..[...###.h........#
............#......#
..............#....#
.........####.#hW###
....##..## #..†@#
...###..# ##.S## .###
#### #### ..# ..# ..#
..# ..# ..#


You could see a phantom, a hound and an adder.

Vanquished Creatures
  A hound (D:4)
  2 orc priests
  Natasha (D:4)
  4 orc wizards
  3 worker ants
  2 adders (D:3)
  An adder skeleton (D:4)
  3 worms
  4 dart slugs (D:2)
  4 leopard geckos
  19 orcs
  4 giant cockroaches
  8 goblins
  4 hobgoblins
  13 jackals
  6 quokkas
  A ball python (D:3)
  7 bats (D:2)
  4 frilled lizards
  4 kobolds
  4 rats
99 creatures vanquished.

Vanquished Creatures (others)
  3 plants (D:3)
3 creatures vanquished.

Grand Total: 102 creatures vanquished

Notes
Turn   | Place    | Note
-------+----------+-------------------------------------------
     0 | D:1      | DrEnzyme the Vine Stalker Wanderer began the quest for the
                  | Orb.
     0 | D:1      | DrEnzyme set off with the following items: a +0 hand axe, a
                  | +2 scale mail, a +0 mace, a ration
     0 | D:1      | Reached XP level 1. HP: 11/11 MP: 2/2
   216 | D:1      | Reached XP level 2. HP: 7/15 MP: 3/3
   757 | D:2      | Reached XP level 3. HP: 18/18 MP: 4/4
  1293 | D:2      | Reached skill level 1 in Axes
  1315 | D:2      | Found a snail-covered altar of Cheibriados.
  2079 | D:2      | Gained mutation: Your natural rate of healing is unusually
                  | fast. [Vine Stalker growth]
  2079 | D:2      | Reached XP level 4. HP: 13/23 MP: 2/5
  2149 | D:3      | Found an iron altar of Okawaru.
  2450 | D:3      | Found a sacrificial altar of Ru.
  2523 | D:3      | Became a worshipper of Ru the Awakened
  2583 | D:3      | Reached XP level 5. HP: 26/26 MP: 3/6
  3551 | D:3      | Reached XP level 6. HP: 32/32 MP: 5/7
  3978 | D:4      | Gained mutation: You cannot be stealthy. [Ru sacrifice]
  3988 | D:4      | Found a shattered altar of Ashenzari.
  4054 | D:4      | Noticed a phantom
  4072 | D:4      | Noticed Natasha
  4091 | D:4      | Killed Natasha
  4091 | D:4      | Reached XP level 7. HP: 7/35 MP: 2/8
  4094 | D:4      | HP: 1/35 [phantom (2)]
  4094 | D:4      | Slain by a hound

Levels and vault maps discovered:
D:1:      lightli_arrival_boilingwater, layout_rooms
D:2:      layout_basic, kennysheep_path_1, kennysheep_slug_shrine
D:3:      layout_loops_ring, okawaru_ov_weapons_minmay, first_ration,
          minmay_misc_feat_chi, chequers_big_river, nicolae_ru_path_of_blood
D:4:      layout_cave_pools, cheibrodos_ashenzari_chains, uniq_natasha

Skill      XL: |  1  2  3  4  5  6 |
---------------+-------------------+-----
Maces & Flails | 3 |  3.1
Fighting       | 2 |  2.9
Armour         | 3 4 |  4.1
Axes           | 1 2 3 4 |  4.1
Stealth        | 0 |  0.0
Shields        | |  1.0

Action                   |  1- 3 |  4- 6 |  7- 9 || total
-------------------------+-------+-------+-------++-------
Melee: Hand axe          |   119 |   266 |     2 ||   387
       Bite              |    22 |    81 |       ||   103
Throw: Stone             |    29 |    35 |       ||    64
       Dart              |       |    12 |       ||    12
Invok: Sacrifice Stealth |       |     1 |       ||     1
  Use: Scroll            |     5 |     5 |       ||    10
       Potion            |       |       |     1 ||     1
  Eat: Chunk             |     3 |     8 |       ||    11
Armor: Scale mail        |    90 |   178 |     7 ||   275
Dodge: Dodged            |    85 |   150 |     4 ||   239

Table legend:
 A = Non-vault XP
 B = Vault XP
 C = Vault XP percentage of total XP
 D = Non-vault monster count
 E = Vault monster count
 F = Vault count percentage of total count
                 A         B        C        D         E       F
            +---------+---------+-------+---------+---------+-------
      Total |     596 |      39 |   6.1 |      97 |       2 |   2.0
            +---------+---------+-------+---------+---------+-------
        D:1 |      17 |       0 |   0.0 |       9 |       0 |   0.0
        D:2 |      65 |       4 |   5.8 |      30 |       1 |   3.2
        D:3 |     328 |       0 |   0.0 |      44 |       0 |   0.0
        D:4 |     186 |      35 |  15.8 |      14 |       1 |   6.7
            +---------+---------+-------+---------+---------+-------
